SAA
LANCASTER FARMERS @ IRVING BLUE SOX
09/12/2024
 
TOP OF THE 1ST
Lancaster Farmers batting - Pitching for Irving Blue Sox : RHP Dave Turner
Pitching: RHP Dave Turner
Batting: RHB Ricardo Pacheco 0-0: Foul Ball, location: 2F
0-1: Ball
1-1: Foul Ball, location: 2F
1-2: Strikes out swinging
Batting: RHB Albert Díaz 0-0: Ball
1-0: Ground out 4-3 (Groundball, 4)
Batting: LHB Brad Tillman 0-0: Called Strike
0-1: Swinging Strike
0-2: Ball
1-2: Ball
2-2: Foul Ball, location: 2F
2-2: Ball
3-2: Base on Balls
Batting: LHB Rob Wilson 0-0: Ball
1-0: Ball
2-0: Foul Ball, location: 2F
2-1: Ball
3-1: Ground out 4-3 (Groundball, 4)
Top of the 1st over - 0 run(s), 0 hit(s), 0 error(s), 1 left on base; Lancaster 0 - Irving 0
BOTTOM OF THE 1ST
Irving Blue Sox batting - Pitching for Lancaster Farmers : RHP Jurgen Sagebrecht
Pitching: RHP Jurgen Sagebrecht
Batting: RHB Rafael Delgado 0-0: Called Strike
0-1: Ball
1-1: Ball
2-1: Called Strike
2-2: Fly out, F8 (Line Drive, 8LM)
Batting: RHB Jim Unknown 0-0: Foul Ball, location: 2F
0-1: Ball
1-1: Swinging Strike
1-2: Ground out 6-3 (Groundball, 6)
Batting: RHB Justin Bingham 0-0: Fly out, F9 (Flyball, 9M)
Bottom of the 1st over - 0 run(s), 0 hit(s), 0 error(s), 0 left on base; Lancaster 0 - Irving 0
TOP OF THE 2ND
Lancaster Farmers batting - Pitching for Irving Blue Sox : RHP Dave Turner
Batting: SHB Janghyun Sam 0-0: Foul Ball, location: 2F
0-1: Ball
1-1: Swinging Strike
1-2: SINGLE (Line Drive, 78S)
Batting: SHB Orlando Miranda 0-0: Reached on error, E1 (Groundball, 13)
Janghyun Sam to second
Batting: RHB António Jiménez 0-0: Foul Ball, location: 2F
0-1: Called Strike
0-2: Ground out U3 (Groundball, 3S)
Janghyun Sam to third
Orlando Miranda to second
Batting: LHB Ramón Gómez 0-0: Fly out, F9 (Flyball, 9LM)
Runner from 3rd tags up, SCORES, no throw
Batting: RHB Rodrigo Velasco 0-0: Called Strike
0-1: Called Strike
0-2: Strikes out looking
Top of the 2nd over - 1 run(s), 1 hit(s), 1 error(s), 1 left on base; Lancaster 1 - Irving 0
BOTTOM OF THE 2ND
Irving Blue Sox batting - Pitching for Lancaster Farmers : RHP Jurgen Sagebrecht
Batting: RHB Jim Unknown 0-0: Ball
1-0: Ball
2-0: Called Strike
2-1: Swinging Strike
2-2: Foul Ball, location: 2F
2-2: Ground out 6-3 (Groundball, 6)
Batting: SHB Tom Palmer 0-0: Called Strike
0-1: Ball
1-1: Foul Ball, location: 2F
1-2: Ball
2-2: Foul Ball, location: 2F
2-2: Ball
3-2: Foul Ball, location: 2F
3-2: Strikes out looking
Batting: RHB Jorge López 0-0: Swinging Strike
0-1: Foul Ball, location: 2F
0-2: Foul Ball, location: 2F
0-2: Ball
1-2: Ground out 5-3 (Groundball, 5S)
Bottom of the 2nd over - 0 run(s), 0 hit(s), 0 error(s), 0 left on base; Lancaster 1 - Irving 0
TOP OF THE 3RD
Lancaster Farmers batting - Pitching for Irving Blue Sox : RHP Dave Turner
Batting: RHB Ricardo Pacheco 0-0: Foul Ball, location: 2F
0-1: Ball
1-1: Foul Ball, location: 2F
1-2: Strikes out swinging
Batting: RHB Albert Díaz 0-0: Swinging Strike
0-1: Ball
1-1: Ball
2-1: Bunt missed!
2-2: SINGLE (Groundball, 34D)
Batting: LHB Brad Tillman 0-0: Ball
1-0: Foul Ball, location: 2F
1-1: Ball
Albert Díaz steals 2nd base
2-1: Swinging Strike
2-2: Ball
3-2: Foul Ball, location: 2F
3-2: Ground out 4-3 (Groundball, 4)
Albert Díaz to third
Batting: LHB Rob Wilson 0-0: SINGLE (Line Drive, 6MD)
Albert Díaz scores
Batting: SHB Janghyun Sam 0-0: Ball
1-0: Ball
2-0: Called Strike
2-1: Fielders Choice at 2nd, U4 (Groundball, 4M)
Top of the 3rd over - 1 run(s), 2 hit(s), 0 error(s), 1 left on base; Lancaster 2 - Irving 0
BOTTOM OF THE 3RD
Irving Blue Sox batting - Pitching for Lancaster Farmers : RHP Jurgen Sagebrecht
Batting: RHB Alfredo Chávez 0-0: Ground out 5-3 (Groundball, 56)
Batting: LHB Jim Unknown 0-0: Ball
1-0: Ball
2-0: Ground out 6-3 (Groundball, 6M)
Batting: LHB Jim Unknown 0-0: Ball
1-0: Ball
2-0: Ground out 4-3 (Groundball, 4M)
Bottom of the 3rd over - 0 run(s), 0 hit(s), 0 error(s), 0 left on base; Lancaster 2 - Irving 0
TOP OF THE 4TH
Lancaster Farmers batting - Pitching for Irving Blue Sox : RHP Dave Turner
Batting: SHB Orlando Miranda 0-0: Ball
1-0: Ground out 6-3 (Groundball, 6)
Batting: RHB António Jiménez 0-0: Ball
1-0: Ball
2-0: Ball
3-0: Called Strike
3-1: Ground out 6-3 (Groundball, 6M)
Batting: LHB Ramón Gómez 0-0: Ball
1-0: Ball
2-0: Ball
3-0: Called Strike
3-1: Called Strike
3-2: Base on Balls
Batting: RHB Rodrigo Velasco 0-0: Ball
1-0: Called Strike
1-1: Ball
2-1: Ball
3-1: Fly out, F3 (Popup, 34)
Top of the 4th over - 0 run(s), 0 hit(s), 0 error(s), 1 left on base; Lancaster 2 - Irving 0
BOTTOM OF THE 4TH
Irving Blue Sox batting - Pitching for Lancaster Farmers : RHP Jurgen Sagebrecht
Batting: RHB Rafael Delgado 0-0: Foul Ball, location: 2F
0-1: Ball
1-1: Swinging Strike
1-2: Fly out, F9 (Flyball, 9LM)
Batting: RHB Jim Unknown 0-0: Foul Ball, location: 2F
0-1: DOUBLE (Flyball, 89XD)
Batting: RHB Justin Bingham 0-0: Called Strike
0-1: Ball
1-1: Ground out 6-3 (Groundball, 6M)
Jim Unknown to third
Batting: RHB Jim Unknown 0-0: Called Strike
0-1: Fly out, F7 (Flyball, 78XD)
Bottom of the 4th over - 0 run(s), 1 hit(s), 0 error(s), 1 left on base; Lancaster 2 - Irving 0
TOP OF THE 5TH
Lancaster Farmers batting - Pitching for Irving Blue Sox : RHP Dave Turner
Batting: RHB Ricardo Pacheco 0-0: Ball
1-0: Called Strike
1-1: Swinging Strike
1-2: Ball
2-2: Strikes out swinging
Batting: RHB Albert Díaz 0-0: Swinging Strike
0-1: Ball
1-1: Ball
2-1: Ball
3-1: Foul Ball, location: 2F
3-2: Foul Ball, location: 2F
3-2: Foul Ball, location: 2F
3-2: Fly out, F9 (Flyball, 89S)
Batting: LHB Brad Tillman 0-0: Foul Ball, location: 2F
0-1: Ball
1-1: SINGLE (Groundball, 6MD)
Batting: LHB Rob Wilson 0-0: Ball
1-0: Called Strike
1-1: Called Strike
1-2: SINGLE (Groundball, 4MD)
Brad Tillman to second
Batting: SHB Janghyun Sam 0-0: Called Strike
0-1: Ball
1-1: Ball
2-1: Fly out, F4 (Popup, 4D)
Top of the 5th over - 0 run(s), 2 hit(s), 0 error(s), 2 left on base; Lancaster 2 - Irving 0
BOTTOM OF THE 5TH
Irving Blue Sox batting - Pitching for Lancaster Farmers : RHP Jurgen Sagebrecht
Batting: SHB Tom Palmer 0-0: Ball
1-0: Foul Ball, location: 2F
1-1: SINGLE (Groundball, 4MD) (infield hit)
Batting: RHB Jorge López 0-0: Called Strike
0-1: Fielders Choice at 2nd, 6-4 (Groundball, 6M)
Batting: RHB Alfredo Chávez 0-0: Ball
1-0: Grounds into double play, 6-4-3 (Groundball, 6)
Bottom of the 5th over - 0 run(s), 1 hit(s), 0 error(s), 0 left on base; Lancaster 2 - Irving 0
TOP OF THE 6TH
Lancaster Farmers batting - Pitching for Irving Blue Sox : RHP Dave Turner
Batting: SHB Orlando Miranda 0-0: Ground out 4-3 (Groundball, 13)
Batting: RHB António Jiménez 0-0: Ball
1-0: Foul Ball, location: 2F
1-1: Swinging Strike
1-2: Hit by Pitch
Batting: LHB Ramón Gómez 0-0: Called Strike
0-1: Fly out, F7 (Flyball, 78M)
Batting: RHB Rodrigo Velasco 0-0: Foul Ball, location: 2F
0-1: Ball
1-1: Ball
2-1: Called Strike
2-2: Strikes out swinging
Top of the 6th over - 0 run(s), 0 hit(s), 0 error(s), 1 left on base; Lancaster 2 - Irving 0
BOTTOM OF THE 6TH
Irving Blue Sox batting - Pitching for Lancaster Farmers : RHP Jurgen Sagebrecht
Batting: LHB Jim Unknown 0-0: Ball
1-0: Called Strike
1-1: Ball
2-1: Ball
3-1: Base on Balls
Batting: LHB Jim Unknown 0-0: Bunted foul
0-1: Ball
1-1: Ball
2-1: Bunted foul
2-2: Fielders Choice at 2nd, 6-4 (Groundball, 6)
Batting: RHB Rafael Delgado 0-0: Ball
Jim Unknown is caught stealing 2nd base
1-0: Ground out 6-3 (Groundball, 6D)
Bottom of the 6th over - 0 run(s), 0 hit(s), 0 error(s), 0 left on base; Lancaster 2 - Irving 0
TOP OF THE 7TH
Lancaster Farmers batting - Pitching for Irving Blue Sox : RHP Dave Turner
Batting: RHB Ricardo Pacheco 0-0: Ball
1-0: Foul Ball, location: 2F
1-1: Ball
2-1: Ball
3-1: Base on Balls
Batting: RHB Albert Díaz 0-0: Bunted foul
0-1: Sac Bunt - play at first, batter OUT! U3
Ricardo Pacheco to second
Batting: LHB Brad Tillman 0-0: Called Strike
Ricardo Pacheco steals 3rd base
0-1: Called Strike
0-2: Strikes out looking
Pitching: LHP Gilberto Ramírez
Batting: LHB Rob Wilson 0-0: Called Strike
0-1: Called Strike
0-2: Ball
1-2: Ball
2-2: Foul Ball, location: 2F
2-2: Ball
3-2: Strikes out swinging
Top of the 7th over - 0 run(s), 0 hit(s), 0 error(s), 1 left on base; Lancaster 2 - Irving 0
BOTTOM OF THE 7TH
Irving Blue Sox batting - Pitching for Lancaster Farmers : RHP Jurgen Sagebrecht
Batting: RHB Jim Unknown 0-0: Foul Ball, location: 2F
0-1: Fly out, F9 (Flyball, 9S)
Batting: RHB Justin Bingham 0-0: Foul Ball, location: 2F
0-1: Ball
1-1: Swinging Strike
1-2: Foul Ball, location: 2F
1-2: Ball
2-2: SINGLE (Flyball, 7LS)
Batting: RHB Jim Unknown 0-0: Ground out 4-3 (Groundball, 4MS)
Justin Bingham to second
Batting: SHB Tom Palmer 0-0: Ball
1-0: Foul Ball, location: 2F
1-1: Hit by Pitch
Batting: RHB Jorge López 0-0: Ground out 5-3 (Groundball, 5)
Bottom of the 7th over - 0 run(s), 1 hit(s), 0 error(s), 2 left on base; Lancaster 2 - Irving 0
TOP OF THE 8TH
Lancaster Farmers batting - Pitching for Irving Blue Sox : LHP Gilberto Ramírez
Batting: SHB Janghyun Sam 0-0: Called Strike
0-1: Ball
1-1: Ball
2-1: Ball
3-1: Base on Balls
Batting: SHB Orlando Miranda 0-0: Sac Bunt - play at first, batter OUT! 2-3
Janghyun Sam to second
Batting: RHB António Jiménez 0-0: Intentional Walk
Batting: LHB Ramón Gómez 0-0: Foul Ball, location: 2F
0-1: DOUBLE (Line Drive, 7LS)
Janghyun Sam scores
António Jiménez to third
Batting: RHB Rodrigo Velasco 0-0: Ball
1-0: Called Strike
1-1: Ball
2-1: Called Strike
2-2: Ground out 6-3 (Groundball, 6M)
Batting: RHB Ricardo Pacheco 0-0: Called Strike
0-1: Ball
1-1: Foul Ball, location: 2F
1-2: Ball
2-2: Foul Ball, location: 2F
2-2: Ball
3-2: Foul Ball, location: 2F
3-2: Fly out, F7 (Flyball, 78S)
Top of the 8th over - 1 run(s), 1 hit(s), 0 error(s), 2 left on base; Lancaster 3 - Irving 0
BOTTOM OF THE 8TH
Irving Blue Sox batting - Pitching for Lancaster Farmers : RHP Jurgen Sagebrecht
Batting: RHB Alfredo Chávez 0-0: Ball
1-0: Ball
2-0: Ball
3-0: Called Strike
3-1: Foul Ball, location: 2F
3-2: SINGLE (Groundball, 6MD)
Batting: LHB Jim Unknown 0-0: Called Strike
0-1: Ball
1-1: Fly out, F8 (Flyball, 8RS)
Batting: LHB Jim Unknown 0-0: Called Strike
0-1: Ball
1-1: Ball
2-1: Fly out, F8 (Flyball, 8LM)
Batting: RHB Rafael Delgado 0-0: Foul Ball, location: 2F
0-1: Foul Ball, location: 2F
0-2: Foul Ball, location: 2F
0-2: Ball
1-2: Ball
2-2: Strikes out swinging
Bottom of the 8th over - 0 run(s), 1 hit(s), 0 error(s), 1 left on base; Lancaster 3 - Irving 0
TOP OF THE 9TH
Lancaster Farmers batting - Pitching for Irving Blue Sox : LHP Gilberto Ramírez
Pitching: LHP Jim Unknown
Batting: RHB Albert Díaz 0-0: Ground out 5-3 (Groundball, 6S)
Pitching: RHP Gene Anderson
Batting: LHB Brad Tillman 0-0: SINGLE (Groundball, 34D)
Batting: LHB Rob Wilson 0-0: Ball
1-0: Ball
2-0: Ball
3-0: Base on Balls
Brad Tillman to second
Batting: SHB Janghyun Sam 0-0: Called Strike
0-1: Foul Ball, location: 2F
0-2: Strikes out swinging
Batting: SHB Orlando Miranda 0-0: Foul Ball, location: 2F
0-1: Ball
1-1: Ball
2-1: SINGLE (Groundball, 34) (infield hit)
Brad Tillman to third
Rob Wilson to second
Pinch Hitting: SHB Jim Unknown 0-0: Ball
1-0: DOUBLE (Groundball, 5L)
Brad Tillman scores
Rob Wilson scores
Orlando Miranda to third
Runner from 3rd tries for Home, SAFE, no throw or cutoff
Pitching: RHP Al Turner
Batting: LHB Ramón Gómez 0-0: Called Strike
0-1: Foul Ball, location: 2F
0-2: SINGLE (Flyball, 6MD)
Jim Unknown to third
Runner from 3rd tries for Home, SAFE, no throw or cutoff
Batting: RHB Rodrigo Velasco
Pinch Hitting: RHB Henry Womack 0-0: Fly out, F7 (Flyball, 7M)
Top of the 9th over - 4 run(s), 4 hit(s), 0 error(s), 1 left on base; Lancaster 7 - Irving 0
BOTTOM OF THE 9TH
Irving Blue Sox batting - Pitching for Lancaster Farmers : RHP Jurgen Sagebrecht
Now at C: António Gonzáles
Now at 3B: Henry Womack
Now in CF: Carl Bryant
Batting: RHB Jim Unknown 0-0: Called Strike
0-1: Swinging Strike
0-2: Foul Ball, location: 2F
0-2: Ground out 6-3 (Groundball, 6)
Batting: RHB Justin Bingham 0-0: Foul Ball, location: 2F
0-1: Foul Ball, location: 2F
0-2: Ball
1-2: Ground out 5-3 (Groundball, 5L)
Batting: RHB Jim Unknown 0-0: Called Strike
0-1: DOUBLE (Line Drive, 7LS)
Batting: SHB Tom Palmer 0-0: Ground out 4-3 (Groundball, 4)
Bottom of the 9th over - 0 run(s), 1 hit(s), 0 error(s), 1 left on base; Lancaster 7 - Irving 0
This league is powered by Out of the Park Baseball, the baseball management simulation game for PC, Mac and Linux
Monday, October 3rd, 2016 - OOTP Baseball 16.9 Build 39